 Dungeon Crawl Stone Soup version 0.31.0-32-g396128a36d (webtiles) character file.

Game seed: 13901266193619983920

18725 CharLee the Covert (level 12, -17/79 HPs)
             Began as a Human Brigand on Mar 11, 2024.
             Was a High Priest of Hepliaklqana.
             Killed from afar by a kobold blastminer (35 damage)
             ... with an iron shot
             ... on level 1 of the Orcish Mines.
             The game lasted 00:45:05 (9178 turns).

CharLee the Covert (Human Brigand)                  Turns: 9178, Time: 00:45:06

Health: -17/79     AC: 14    Str: 11    XL:     12   Next: 61%
Magic:  18/18      EV: 20    Int: 17    God:    Hepliaklqana [*****.]
Gold:   395        SH:  0    Dex: 15    Spells: 12/19 levels left

rFire   . . .        s - +6 quarterstaff (venom)
rCold   . . .        (shield currently unavailable)
rNeg    . . .        z - +2 troll leather armour
rPois   .            m - +2 hat
rElec   .            n - +2 cloak {Will+}
rCorr   .            (no gloves)
SInv    .            (no boots)
Will    +....        g - amulet of magic regeneration
Stlth   ++++         u - +5 ring of evasion
HPRegen 1.13/turn    h - +4 ring of protection
MPRegen 0.56/turn

%: random rage (3%)
@: no status effects
A: reduced essence, explore regen, berserk 1
a: Renounce Religion, Recall Ancestor, Ancestor Identity, Transference, Idealise


You were on level 1 of the Orcish Mines.
You worshipped Hepliaklqana.
Hepliaklqana was extremely pleased with you.
You visited 2 branches of the dungeon, and saw 12 of its levels.

You collected 889 gold pieces.
You spent 494 gold pieces at shops.

Inventory:

Hand Weapons
 s - a +6 quarterstaff of venom (weapon)
Missiles
 d - 44 poisoned darts (quivered)
 e - 3 curare-tipped darts
 o - 14 boomerangs
 A - a throwing net
Armour
 m - a +2 hat (worn)
 n - a +2 cloak of willpower (worn)
 z - a +2 troll leather armour (worn)
Jewellery
 g - an amulet of magic regeneration (around neck)
 h - a +4 ring of protection (right hand)
 q - a +6 ring of strength
 u - a +5 ring of evasion (left hand)
 D - an amulet of the acrobat
 K - a ring of flight
Talismans
 t - a flux talisman
 I - a serpent talisman
Wands
 j - a wand of flame (31)
Scrolls
 a - 5 scrolls of identify
 i - 5 scrolls of teleportation
 x - a scroll of amnesia
 y - a scroll of vulnerability
 G - a scroll of noise
Potions
 f - 2 potions of brilliance
 k - 2 potions of degeneration
 l - a potion of attraction
 p - a potion of enlightenment
 v - 3 potions of lignification
 B - a potion of resistance
 E - 2 potions of might
Miscellaneous
 c - a condenser vane (inert)


   Skills:
 * Level 6.2 Fighting
 * Level 6.8 Short Blades
 * Level 8.0 Staves
 * Level 7.0 Throwing
 * Level 5.2 Armour
 * Level 7.1 Dodging
 * Level 8.4 Stealth
 + Level 0.3 Unarmed Combat
 * Level 4.2 Spellcasting
 * Level 2.3 Summonings
 * Level 1.4 Alchemy
 * Level 5.3 Invocations
 * Level 5.0 Evocations
 * Level 4.4 Shapeshifting


You had 12 spell levels left.
You knew the following spells:

 Your Spells              Type           Power      Damage    Failure   Level
a - Call Canine Familiar  Summ           11%        N/A       22%         3
b - Olgreb's Toxic Radia  Alch           8%         N/A       71%         4

Your spell library contained the following spells:

 Spells                   Type           Power      Damage    Failure   Level
 Summon Small Mammal      Summ           44%        N/A       8%          1
 Sting                    Conj/Alch      24%        1d4       14%         1
 Mercury Vapours          Alch/Air       12%        N/A       22%         2
 Jinxbite                 Hex            6%         N/A       30%         2
 Tukima's Dance           Hex            3%         N/A       52%         3
 Summon Blazeheart Golem  Fire/Summ      7%         N/A       77%         4
 Passage of Golubria      Tloc           3%         N/A       89%         4
 Yara's Violent Unravell  Hex/Alch       3%         3d4       99%         5
 Sculpt Simulacrum        Ice/Alch       3%         N/A       100%        6
 Enfeeble                 Hex            1%         N/A       100%        7
 Ozocubu's Refrigeration  Ice            1%         4d7       100%        7
 Polar Vortex             Ice            1%         N/A       100%        9


Dungeon Overview and Level Annotations

Branches:
Dungeon (11/15)            Temple (0/1) D:4            Lair (0/5) D:10
    Orc (1/2) D:11

Altars:
Elyvilon
Fedhas
Gozag
Hepliaklqana
Okawaru
Sif Muna
Vehumet
Xom
Yredelemnul

Shops:
D:7 :   D:8 *   D:9 *   D:11 *   Orc:1 =

Portals:
Trove: D:11 (give +3 gold dragon scales)


Innate Abilities, Weirdness & Mutations

Your life essence is reduced to manifest your ancestor. (-10% HP)
You regain HP and MP as you explore.
You sometimes lose your temper in combat.


Message History

You swap places.
The kobold blastminer wields a +0 arbalest.
The kobold blastminer shoots a bolt.
The bolt misses you.
The kobold blastminer shoots an arrow.
The arrow hits Bantay!!
Bantay gestures at the kobold blastminer while chanting.
The stone arrow misses the kobold blastminer.
The kobold blastminer shoots an arrow.
The arrow misses you.
The kobold blastminer shoots an arrow.
The arrow hits Bantay!
The kobold blastminer shoots a bolt.
The bolt hits you but does no damage.
Bantay gestures at the kobold blastminer while chanting.
The puff of frost hits the kobold blastminer.
The kobold blastminer shoots an arrow.
The arrow barely misses you.
The kobold blastminer shoots a bolt.
The bolt hits you!
You fail to use your ability.
The kobold blastminer shoots a bolt.
The bolt hits you but does no damage.
The kobold blastminer shoots an arrow.
The arrow barely misses Bantay.
The arrow closely misses you.
The kobold blastminer shoots an arrow.
The arrow hits Bantay!
Bantay is destroyed!
Unknown command.
The kobold blastminer shoots a bolt.
The bolt misses you.
As you read the scroll of fear, it crumbles to dust.
You assume a fearsome visage.
The orc priest looks frightened! x2
The orc looks frightened! x2; The kobold blastminer looks frightened! x2
An orc comes into view. It is wielding a +0 dagger.
The kobold blastminer shoots a bolt.
The bolt misses you.
Clouds condense from the air!
The condenser dries out!
The kobold blastminer is engulfed in a thunderstorm.
The kobold blastminer blasts its cannon at you.
The iron shot hits you!
The kobold blastminer is engulfed in noxious fumes.
The kobold blastminer appears confused.
The kobold blastminer unwields a +0 orcbow.
The kobold blastminer hits something!
You feel a bit more experienced.
The kobold blastminer shoots a bolt.
The bolt hits you!!
* * * LOW HITPOINT WARNING * * *
The kobold blastminer is engulfed in noxious fumes.
The kobold blastminer appears confused.
The kobold blastminer blasts its cannon at you.
The iron shot hits you!!
You die...

.## ..#.# ....#o ......
## ## .#...o# #+# .# #.##
....§.. ##.## .##...#
......§####'''####.....#.
#.§K§......#........
......$..#@....#......##
.#....K####...###......#
##.K.# ##.##....#...# #
....# ######..#..## #
..... #.....##### #.#.
#.....#.#.. ..##
##..#...... ###.....#.
##....##


You could see a kobold blastminer.

Vanquished Creatures
  A dancing weapon (D:11)
  A two-headed ogre (D:10)
  A manticore (D:11)
  A komodo dragon (D:10)
  3 kobold demonologists
  3 trolls
  Sigmund (D:2)
  A wyvern (D:9)
  A shadow (D:11)
  2 wraiths (D:11)
  15 yaks
  Menkaure (D:5)
  Duvessa (D:7)
  2 water moccasins (D:7)
  A sky beast (D:7)
  3 black bears
  4 centaurs
  2 bullfrogs
  3 kobold brigands
  2 gnoll sergeants
  3 wights (D:9)
  6 killer bees
  A howler monkey (D:11)
  A bombardier beetle (D:5)
  7 orc priests
  2 sleepcaps
  Terence (D:3)
  2 iguanas (D:5)
  5 orc wizards
  2 adders
  5 gnolls
  A shadow imp (D:6)
  2 white imps
  3 dart slugs
  17 orcs
  3 bats (D:2)
  4 endoplasms
  A giant cockroach (D:4)
  3 goblins
  5 hobgoblins
  4 jackals (D:1)
  A quokka (D:4)
  4 ball pythons
  2 frilled lizards (D:3)
  10 kobolds
  A rat (D:2)
145 creatures vanquished.

Vanquished Creatures (collateral kills)
  The ghost of Xecrir the Geomancer, a journeyman FoEE of Gozag (D:11)
  Josephine (D:11)
  2 two-headed ogres (D:10)
  Pikel (D:6)
  An unseen horror (D:11)
  A kobold demonologist (D:9)
  A komodo dragon (D:10)
  A troll (D:10)
  Grinder (D:5)
  6 wraiths
  A vampire (D:10)
  8 yaks
  2 wyverns
  Eustachio (D:5)
  A steam dragon (D:8)
  An acid dragon (D:10)
  A water moccasin (D:8)
  4 orc warriors
  3 black bears
  3 ogres (D:5)
  5 centaurs
  3 lemures (D:6)
  4 kobold brigands
  2 bullfrogs
  A gnoll sergeant (D:7)
  2 wights (D:9)
  Dowan (D:7)
  7 killer bees
  A howler monkey (D:11)
  A bombardier beetle (D:5)
  Crazy Yiuf (D:5)
  8 orc priests
  2 gnoll boudas (D:7)
  A sleepcap (D:7)
  2 iguanas
  6 orc wizards
  10 gnolls
  An adder (D:3)
  A white imp (D:6)
  20 orcs
  3 endoplasms
  A giant cockroach (D:3)
  2 jackals (D:7)
  13 kobolds
  A rat (D:2)
140 creatures vanquished.

Vanquished Creatures (others)
  A kobold brigand (D:10)
  8 battlemagi
9 creatures vanquished.

Grand Total: 294 creatures vanquished

Notes
Turn   | Place    | Note
-------+----------+-------------------------------------------
     0 | D:1      | CharLee the Human Brigand began the quest for the Orb.
     0 | D:1      | Reached XP level 1. HP: 16/16 MP: 1/1
   122 | D:1      | Gained mutation: Your body sometimes deteriorates upon
                  | taking damage. [potion of mutation]
   122 | D:1      | Gained mutation: Your natural rate of healing is unusually
                  | fast. [potion of mutation]
   137 | D:1      | Reached XP level 2. HP: 19/22 MP: 2/2
   916 | D:2      | Reached XP level 3. HP: 27/27 MP: 3/3
   987 | D:2      | Noticed Sigmund
   998 | D:2      | Killed Sigmund
   999 | D:2      | Reached skill level 1 in Armour
   999 | D:2      | Reached skill level 5 in Stealth
   999 | D:2      | Reached XP level 4. HP: 34/34 MP: 4/4
   999 | D:2      | Reached XP level 5. HP: 40/40 MP: 5/5
  1195 | D:2      | Found a faded altar of an unknown god.
  1209 | D:2      | Prayed at the altar of an unknown god.
  1209 | D:2      | Became a worshipper of Hepliaklqana the Forgotten
  1209 | D:2      | Reached * piety under Hepliaklqana
  1449 | D:3      | Noticed Terence
  1459 | D:3      | Killed Terence
  1460 | D:3      | Reached XP level 6. HP: 40/41 MP: 6/6
  1869 | D:4      | Found a white marble altar of Elyvilon.
  1973 | D:4      | Reached ** piety under Hepliaklqana
  1974 | D:4      | Remembered your ancestor Bantay as a battlemage
  2337 | D:4      | Found a staircase to the Ecumenical Temple.
  2525 | D:5      | Entered Level 5 of the Dungeon
  2706 | D:5      | Noticed Menkaure
  2715 | D:5      | Killed Menkaure
  2716 | D:5      | Reached skill level 1 in Evocations
  2716 | D:5      | Reached XP level 7. HP: 46/46 MP: 7/7
  2854 | D:5      | Noticed Grinder
  2864 | D:5      | Paralysed by Grinder for 4 turns
  2883 | D:5      | Reached skill level 1 in Invocations
  2884 | D:5      | Killed Grinder
  2885 | D:5      | Reached skill level 1 in Shapeshifting
  2955 | D:5      | Reached XP level 8. HP: 52/52 MP: 9/9
  3155 | D:5      | Noticed Eustachio
  3171 | D:5      | Killed Eustachio
  3440 | D:5      | Found a runed translucent door.
  3441 | D:5      | Noticed Crazy Yiuf
  3452 | D:5      | Killed Crazy Yiuf
  3453 | D:5      | Reached XP level 9. HP: 51/58 MP: 10/10
  3626 | D:6      | Found a shimmering blue altar of Sif Muna.
  3706 | D:6      | Found a radiant altar of Vehumet.
  3765 | D:6      | Lost mutation: Your natural rate of healing is unusually
                  | fast. [potion of mutation]
  3765 | D:6      | Lost mutation: Your body sometimes deteriorates upon taking
                  | damage. [potion of mutation]
  3765 | D:6      | Gained mutation: You are occasionally teleported next to
                  | monsters. [potion of mutation]
  3765 | D:6      | Lost mutation: You are occasionally teleported next to
                  | monsters. [potion of mutation]
  3765 | D:6      | Gained mutation: Armour fits poorly on your strangely
                  | shaped body. [potion of mutation]
  3769 | D:6      | Noticed Pikel
  3780 | D:6      | Killed Pikel
  3781 | D:6      | Reached skill level 5 in Short Blades
  3781 | D:6      | Reached skill level 1 in Staves
  4035 | D:6      | Found a blossoming altar of Fedhas.
  4041 | D:6      | Reached skill level 1 in Spellcasting
  4273 | D:7      | Noticed a troll
  4277 | D:7      | Killed a troll
  4286 | D:7      | Reached skill level 5 in Throwing
  4340 | D:7      | Reached skill level 5 in Dodging
  4375 | D:7      | Reached *** piety under Hepliaklqana
  4434 | D:7      | Found a basalt altar of Yredelemnul.
  4550 | D:7      | Reached XP level 10. HP: 59/65 MP: 12/12
  4957 | D:7      | Found Doyfyh's Self-Improvement Boutique.
  5009 | D:7      | Noticed Dowan
  5011 | D:7      | Noticed Duvessa
  5016 | D:7      | Killed Dowan
  5019 | D:7      | Killed Duvessa
  5300 | D:8      | Found Xyhod's Assorted Antiques.
  5336 | D:8      | Bought a scroll of enchant weapon for 240 gold pieces
  5336 | D:8      | Bought a scroll labelled QEENAO QOELIGO for 32 gold pieces
  5432 | D:8      | Reached **** piety under Hepliaklqana
  5798 | D:8      | Reached skill level 5 in Fighting
  5857 | D:9      | Reached skill level 5 in Staves
  5917 | D:9      | Lost mutation: Armour fits poorly on your strangely shaped
                  | body. [potion of mutation]
  5917 | D:9      | Gained mutation: Armour fits poorly on your strangely
                  | shaped body. [potion of mutation]
  5917 | D:9      | Lost mutation: Armour fits poorly on your strangely shaped
                  | body. [potion of mutation]
  5917 | D:9      | Gained mutation: You sometimes lose your temper in combat.
                  | [potion of mutation]
  5975 | D:9      | Found an iron altar of Okawaru.
  6123 | D:9      | Reached XP level 11. HP: 64/72 MP: 14/14
  6201 | D:9      | Learned a level 3 spell: Call Canine Familiar
  6255 | D:9      | Found Boivuil's General Store.
  6264 | D:9      | Bought a potion of berserk rage for 55 gold pieces
  6264 | D:9      | Bought a potion of heal wounds for 55 gold pieces
  6648 | D:10     | Entered Level 10 of the Dungeon
  6968 | D:10     | Noticed a two-headed ogre
  6979 | D:10     | Killed a two-headed ogre
  7227 | D:10     | Found a staircase to the Lair.
  7256 | D:10     | Noticed a two-headed ogre
  7274 | D:10     | Killed a two-headed ogre
  7295 | D:10     | Reached skill level 1 in Summonings
  7471 | D:10     | Reached ***** piety under Hepliaklqana
  7491 | D:10     | Noticed a two-headed ogre
  7496 | D:10     | Found an opulent altar of Gozag.
  7496 | D:10     | Killed a two-headed ogre
  7854 | D:11     | Reached XP level 12. HP: 66/78 MP: 17/17
  7870 | D:11     | Found a runed translucent door.
  7874 | D:11     | Found a shimmering altar of Xom.
  7874 | D:11     | Noticed Xecrir's ghost (journeyman FoEE)
  7877 | D:11     | Noticed a +5 rapier of chaos
  7916 | D:11     | Learned a level 4 spell: Olgreb's Toxic Radiance
  7940 | D:11     | Reached skill level 5 in Invocations
  8049 | D:11     | Reached skill level 5 in Armour
  8052 | D:11     | Noticed Josephine
  8065 | D:11     | Killed Josephine
  8290 | D:11     | Reached skill level 1 in Alchemy
  8351 | D:11     | Found Yproptim's General Store.
  8358 | D:11     | Bought a potion of lignification for 48 gold pieces
  8358 | D:11     | Bought a scroll of fear for 64 gold pieces
  8490 | D:11     | Found a staircase to the Orcish Mines.
  8821 | D:11     | Found a portal to a secret trove of treasure.
  8894 | D:11     | Killed a +5 rapier of chaos
  8895 | D:11     | Reached skill level 5 in Evocations
  8907 | D:11     | Killed Xecrir's ghost
  9011 | Orc:1    | Entered Level 1 of the Orcish Mines
  9069 | Orc:1    | Found Eriqyfenoi's Jewellery Emporium.
  9178 | Orc:1    | Killed from afar by a kobold blastminer

Illustrated notes

Levels and vault maps discovered:
D:1:      ldierk_walled_garden, layout_basic
D:2:      layout_basic, ebering_ecumenical_altar_box, minmay_distorted,
          uniq_sigmund
D:3:      layout_rooms, uniq_terence
D:4:      layout_loops_cross, elyvilon_altar_5, minmay_temple_entry_poolview
D:5:      layout_basic, st_stairs_6, serial_bayou_lagoon_a, uniq_menkaure,
          uniq_grinder, uniq_eustachio, uniq_crazy_yiuf_cottage
D:6:      layout_loops_ring, fedhas_bush_and_centaur_altar, kennysheep_mini,
          mainiacjoe_overflow_tiny_flanked, uniq_pikel
D:7:      layout_cave_pods, yredelemnul_altar_generic, serial_gnoll_camp,
          gnoll_camp_mini_basic, gnoll_camp_mini_hut, gnoll_camp_mini_hut,
          gnoll_camp_mini_hut, nicolae_shop_self_help, uniq_duvessa
D:8:      layout_basic, serial_shops, shop
D:9:      layout_long_grid, okawaru_ov_weapons_minmay, serial_shops, shop,
          roderic_serpentine_path
D:10:     layout_long_grid, mainiacjoe_overflow_24_doors,
          grunt_lair_entry_orc_guard_hut, chequers_garden,
          kennysheep_opposing_triangles
D:11:     layout_long_grid, orc_0_dummy, serial_shops,
          nicolae_shop_pleasant_corner_grove, ebering_ghost_xom, enter_trove_6,
          uniq_josephine
Orc:1:    layout_diamond_mine, serial_shops, shop, shop,
          nicolae_shop_rolling_square, hellmonk_talismancer

Skill      XL: |  1  2  3  4  5  6  7  8  9 10 11 12 |
---------------+-------------------------------------+-----
Armour         | 1 2 3 4 5 |  5.2
Dodging        | 2 3 4 5 6 7 |  7.1
Stealth        | 5 6 7 8 |  8.4
Short Blades   | 3 4 5 6 |  6.8
Fighting       | 3 4 5 6 |  6.2
Throwing       | 3 4 5 6 7 |  7.0
Evocations     | 1 2 3 4 5 |  5.0
Invocations    | 1 2 3 4 5 |  5.3
Shapeshifting  | 1 2 3 4 |  4.4
Staves         | 3 5 7 8 |  8.0
Spellcasting   | 1 2 3 4 |  4.2
Summonings     | 1 2 |  2.3
Alchemy        | 1 |  1.4
Unarmed Combat | |  0.3

Action                     |  1- 3 |  4- 6 |  7- 9 | 10-12 || total
---------------------------+-------+-------+-------+-------++-------
  Melee: Dagger            |    86 |    80 |    70 |       ||   236
         Punch             |       |     1 |     2 |       ||     3
         Quarterstaff      |       |       |    73 |   313 ||   386
         Unarmed           |       |       |       |    10 ||    10
         Constrict         |       |       |       |     4 ||     4
  Throw: Dart              |    15 |    24 |    25 |    25 ||    89
 Invoke: Ancestor Identity |       |     1 |       |       ||     1
         Ancestor Life: Ba |       |     1 |       |       ||     1
         Recall Ancestor   |       |       |     1 |     1 ||     2
         Idealise          |       |       |       |     1 ||     1
  Evoke: Wand              |       |     4 |    10 |     9 ||    23
         Condenser vane    |       |       |       |     1 ||     1
    Use: Scroll            |     6 |     4 |     7 |    14 ||    31
         Potion            |     1 |       |     4 |     6 ||    11
   Stab: Sleeping          |     4 |     6 |     1 |     2 ||    13
         Distracted        |       |     1 |     2 |    10 ||    13
         Confused          |       |       |     1 |       ||     1
 Armour: Robe              |    53 |    35 |    67 |       ||   155
         Chain mail        |       |       |    35 |       ||    35
         Troll leather arm |       |       |    16 |   281 ||   297
         Skin              |       |       |       |    17 ||    17
  Dodge: Dodged            |    47 |    33 |   150 |   438 ||   668
         Form:             |       |       |       |     1 ||     1
         Serpent           |       |       |       |     1 ||     1
